 Dungeon Crawl Stone Soup version 0.17-a0-1554-g3b847ca (webtiles) character file.

631256 Raurakos the Executioner (level 27, -1/269 HPs)
             Began as a Hill Orc Gladiator on July 18, 2015.
             Was the Champion of Ru.
             Slain by an Orb Guardian (18 damage)
             ... on level 5 of the Realm of Zot on July 19, 2015.
             The game lasted 06:25:14 (67889 turns).

Raurakos the Executioner (Hill Orc Gladiator)      Turns: 67889, Time: 06:25:14

Health: -1/269     AC: 39    Str: 32    XL:     27
Magic:  43/46      EV: 17    Int:  8    God:    Ru [******]
Gold:   5414       SH:  0    Dex: 26    Spells: 4 memorised, 48 levels left

rFire  + + .     SeeInvis .     b - +9 battleaxe "Ynaf" {elec, MR++ MP+9}
rCold  . . .     Clarity  .     X - +8 plate armour {rF+}
rNeg   . . .     SustAt   .     (no shield)
rPois  .         Gourm    .     h - +2 helmet
rElec  .         Spirit   .     r - +2 cloak {MR+}
rCorr  .         Warding  .     Z - +2 pair of gloves {Str+3}
rMut   .         Stasis   .     M - +1 pair of boots
MR     ++++.                    R - amulet of regeneration
Stlth  ..........               O - ring of Vehumet's Esteem {Wiz Str+3 Dex+4}
                                E - ring of Tafuabo {rF+ MR- Str+6 Dex+2}

@: no potions, very slightly contaminated, hasted (expiring), repel missiles,
very heavily drained, very quick, incredibly resistant to hostile enchantments,
extremely unstealthy
A: yellow scales 1, low mp 1, screaming 1, weak 1, inability to drink while
threatened, no stealth, hated by all, no conjurations magic, no earth magic, no
transmutations magic, slow reflexes 1
a: Draw Out Power, Power Leap, Apocalypse, Renounce Religion
0: Orb of Zot
}: 3/15 runes: decaying, serpentine, silver


You were on level 5 of the Realm of Zot.
You worshipped Ru.
Ru was exalted by your worship.
You were not hungry.

You visited 10 branches of the dungeon, and saw 54 of its levels.
You also visited: Labyrinth, Bailey and Volcano.

You collected 7830 gold pieces.
You spent 2416 gold pieces at shops.

Inventory:

Hand weapons
 a - a +9 executioner's axe of flaming
 b - the +9 battleaxe "Ynaf" (weapon) {elec, MR++ MP+9}
   (You found it on level 15 of the Dungeon)

   Occasionally, upon striking a foe, it will discharge some electrical energy
   and cause terrible harm.
   It affects your resistance to hostile enchantments.
   It affects your magic capacity (+9).
Missiles
 d - 9 throwing nets
 Q - 16 javelins (quivered)
Armour
 h - a +2 helmet (worn)
 r - a +2 cloak of magic resistance (worn)
 M - a +1 pair of boots (worn)
 X - a +8 plate armour of fire resistance (worn)
 Z - a +2 pair of gloves of strength (worn)
Rods
 m - a +8 lightning rod (9/9)
   (You found it in a bailey)
 W - a +8 rod of destruction (13/13)
   (You took it off a minotaur in a labyrinth)
Jewellery
 s - the ring "Ufurigg" {+Fly rC+ Int+3 SInv}
   (You took it off a deep elf conjurer on level 5 of the Vaults)

   [ring of intelligence]

   It affects your intelligence (+3).
   It protects you from cold.
   It lets you see invisible.
   It lets you fly.
 z - the ring "Mukoodis" {rF- rC+ MR++ SInv Stlth+}
   (You took it off a deep elf sorcerer on level 5 of the Vaults)

   [ring of stealth]

   It makes you vulnerable to fire.
   It protects you from cold.
   It affects your resistance to hostile enchantments.
   It lets you see invisible.
   It makes you more stealthy.
 D - the ring "Nyiwk" {Fire rElec Stlth+}
   (You found it on level 8 of the Lair of Beasts)

   [ring of fire]

   It enhances your fire magic, and weakens your ice magic.
   It protects you from fire.
   It makes you vulnerable to cold.
   It insulates you from electricity.
   It makes you more stealthy.
 E - the ring of Tafuabo (left hand) {rF+ MR- Str+6 Dex+2}
   (You found it on level 13 of the Dungeon)

   [ring of protection from fire]

   It affects your strength (+6).
   It affects your dexterity (+2).
   It protects you from fire.
   It affects your resistance to hostile enchantments.
 F - an uncursed amulet of clarity
 G - the ring "Hitik" {Dex+4 Slay+3}
   (You bought it in a shop on level 4 of the Orcish Mines)

   [ring of slaying]

   It affects your dexterity (+4).
   It affects your accuracy and damage with ranged weapons and melee attacks
   (+3).
 O - the ring of Vehumet's Esteem (right hand) {Wiz Str+3 Dex+4}
   (You bought it in a shop on level 4 of the Orcish Mines)

   [ring of wizardry]

   It improves your spell success rate.
   It affects your strength (+3).
   It affects your dexterity (+4).
 P - an uncursed amulet of resist corrosion
 R - an amulet of regeneration (around neck)
 T - an uncursed amulet of resist mutation
Magical devices
 t - a wand of hasting (0)
Scrolls
 c - a scroll of brand weapon
 e - 12 scrolls of identify
 f - 8 scrolls of fog
 g - 2 scrolls of holy word
 n - 8 scrolls of remove curse
 p - 8 scrolls of blinking
 u - 3 scrolls of silence
 v - 12 scrolls of recharging
 K - 16 scrolls of teleportation
 N - 8 scrolls of fear
 Y - 9 scrolls of magic mapping
Potions
 i - 28 potions of curing
 k - 5 potions of berserk rage
 l - 4 potions of agility
 o - 4 potions of invisibility
 q - 3 potions of resistance
 w - 5 potions of cancellation
 J - 5 potions of heal wounds
 V - 6 potions of might
Miscellaneous
 y - a plain deck of changes
 H - a disc of storms
Comestibles
 x - a meat ration
 A - 30 bread rations
 B - 3 fruits


   Skills:
 - Level 26.0(18.9) Fighting
 - Level 26.0(19.0) Axes
 - Level 2.0(0.0) Throwing
 + Level 19.8(13.5) Armour
 - Level 18.0(11.9) Dodging
 - Level 15.0(9.3) Spellcasting
 - Level 10.0(5.0) Charms
 - Level 10.1(5.1) Necromancy
 - Level 8.1(3.4) Translocations
 - Level 5.0(0.6) Air Magic
 - Level 10.0(5.0) Evocations


You had 48 spell levels left.
You knew the following spells:

 Your Spells              Type           Power        Failure   Level  Hunger
a - Apportation           Tloc           #.........   10%         1    None
b - Blink                 Tloc           N/A          16%         2    ##.....
c - Repel Missiles        Chrm/Air       #.....       21%         2    ##.....
d - Regeneration          Chrm/Necr      ##........   16%         3    ###....


Dungeon Overview and Level Annotations

Branches:
Dungeon (15/15)            Temple (1/1) D:7            Lair (8/8) D:10
  Swamp (4/4) Lair:4        Snake (4/4) Lair:6        Slime (0/6) Lair:6
    Orc (4/4) D:9             Elf (3/3) Orc:4        Vaults (5/5) D:14
  Crypt (0/3) Vaults:3     Depths (5/5) D:15            Zot (5/5) Depths:5

Altars:
Ashenzari
Cheibriados
Dithmenos
Elyvilon
Fedhas
Gozag
Kikubaaqudgha
Makhleb
Nemelex Xobeh
Okawaru
Qazlal
Ru
Sif Muna
Trog
Vehumet
Xom
Yredelemnul
Zin
The Shining One
Beogh
Jiyva
Lugonu

Shops:
D:11 (!!(   Orc:4 (=[*   Elf:2 :   Elf:3 =%%%(   Snake:3 ?   Vaults:4 }
Depths:1 *

Portals:
Hell: Depths:1 Depths:2 Depths:3 Depths:4 Depths:5
Abyss: Depths:2 Depths:4
Pandemonium: Depths:2 Depths:3
Ziggurat: Depths:4
Trove: Elf:3 (give +4 ice dragon armour)

Annotations:
D:14 exclusion: Roxanne, Roxanne
Lair:2 exclusion: 4 oklob plants
Lair:7 Kirke
Lair:8 exclusion: oklob plant
Elf:2 3 runed doors


Innate Abilities, Weirdness & Mutations

Your magical capacity is low (-10% MP).
You occasionally shout uncontrollably at your foes.
You are weak. (Str -2)
You cannot drink potions while threatened.
You cannot be stealthy.
You are hated by all.
You cannot study or cast Conjurations magic.
You cannot study or cast Earth magic.
You cannot study or cast Transmutations magic.
You have somewhat slow reflexes. (-3 EV)
You are partially covered in yellow scales (AC +2).


Message History

* * * LOW HITPOINT WARNING * * *
The white draconian begins to attack, but is stunned by your will!
You redirect the white draconian's attack!
An arrow hits the orange demon!
Kuock is stunned by your will and fails to attack.
Your extra speed is starting to run out.
Kuock hits you!!
* * * LOW HITPOINT WARNING * * *
Space warps horribly around you!
You feel threatened and lose the ability to drink potions!
* * * LOW HITPOINT WARNING * * *
Xahalaj begins to cast a spell, but is stunned by your will!
You found a Zot trap!
The Ice Fiend calls on the powers of darkness!
The white draconian convulses!
The Orb Guardian convulses!
Your body is wracked with pain!
* * * LOW HITPOINT WARNING * * *
You focus your will and blind the Ice Fiend in retribution!
The Orb Guardian hits you!!
You die...

▓▓▓▓▓▓▓▓▓▓▓▓▓▓▓
▓▓▓▓...........@&▓▓▓▓
▓▓.............^.X...▓▓
......................▓▓
.......................▓
...................1...▓
..................&...▓▓
..................3..▓▓
...................d▓▓
.....................▓▓


You could see Kuock, Xahalaj, an Ice Fiend (blind), a white draconian, an Orb
Guardian and an ice devil.

Vanquished Creatures
  5 orbs of fire
  An ancient lich (Zot:5)
  Sojobo (Depths:5)
  Saint Roka (Orc:4)
  4 Killer Klowns
  A curse toe (Zot:2)
  8 golden dragons
  the Enchantress (Depths:3)
  A lich (Vaults:5)
  Jorgrun (Swamp:2)
  2 electric golems (Zot:5)
  24 Orb Guardians (Zot:5)
  Rupert (Orc:3)
  17 tentacled monstrosities
  2 deep elf blademasters (Elf:3)
  8 acid blobs (Zot:2)
  3 titans
  2 deep elf master archers (Elf:3)
  2 sphinxes
  An octopode crusher (Depths:1)
  6 thorn hunters
  3 shadow dragons
  6 tengu reavers
  A draconian monk (Zot:2)
  17 storm dragons
  10 greater nagas
  6 fire giants
  Maud (Orc:4)
  An iron dragon (shapeshifter) (Depths:3)
  5 frost giants
  2 ghost moths (Zot:4)
  17 vault wardens
  7 draconian scorchers
  2 draconian knights (Zot:5)
  Aizul (Vaults:2)
  9 deep elf sorcerers
  5 draconian shifters
  3 iron dragons
  3 orc warlords
  2 draconian zealots
  A balrug (Depths:3)
  21 ironheart preservers
  6 draconian annihilators
  28 very ugly things
  2 spriggan defenders (Depths:3)
  11 deep elf demonologists
  25 stone giants
  7 green draconians
  2 draconian callers (Zot:1)
  2 black draconians
  4 vampire knights
  10 deep elf annihilators
  2 war gargoyles (Vaults:5)
  19 yellow draconians
  Azrael (D:13)
  5 salamander stormcallers
  4 mottled draconians
  6 red draconians
  8 purple draconians
  11 white draconians
  Snorg (D:15)
  A minotaur (Lab)
  A green death (Depths:2)
  13 ettins
  A crystal guardian (Vaults:5)
  33 vault guards
  19 fire dragons
  4 deep elf high priests
  19 yaktaur captains
  3 jiangshi (Depths:5)
  Josephine (Swamp:1)
  8 deep elf death magi
  3 rakshasas
  5 entropy weavers
  Fannar (Orc:1)
  6 great orbs of eyes
  8 death cobs
  Erolcha (Orc:2)
  19 ice dragons
  10 naga warriors
  19 hydras
  2 spriggan air magi
  A catoblepas (shapeshifter) (D:15)
  5 catoblepae
  A ghost crab (Swamp:1)
  12 deep troll shamans
  16 anacondas
  12 ogre magi
  2 dancing weapons
  19 centaur warriors
  4 deep troll earth magi
  4 vampire magi
  9 alligators
  A spriggan berserker (Depths:4)
  14 naga sharpshooters
  4 tengu warriors
  9 death yaks (Lair:8)
  7 shock serpents
  A soul eater (Zot:5)
  Nergalle (Orc:3)
  7 orc high priests
  A shadow wraith (Vaults:4)
  20 deep elf knights
  10 iron trolls
  17 skeletal warriors
  7 unseen horrors
  33 deep trolls
  4 salamander mystics
  8 deep elf summoners
  4 spriggan druids
  A gelid demonspawn (Depths:3)
  A sea snake (shapeshifter) (Vaults:5)
  A lindwurm (Lair:7)
  6 naga ritualists
  A death drake (shapeshifter) (Depths:3)
  10 swamp dragons (Swamp:4)
  A sphinx zombie (Depths:4)
  4 phantasmal warriors
  7 shambling mangroves
  A mana viper (shapeshifter) (Vaults:5)
  5 giant orange brains
  5 griffons
  8 hill giants
  8 mana vipers
  21 deep elf conjurers
  14 ironbrand convokers
  A frost giant zombie (Depths:3)
  6 wolf spiders
  3 hornets
  7 harpies
  10 necromancers
  2 orb spiders (shapeshifter)
  16 orc knights
  A shadow dragon skeleton (Vaults:3)
  9 orc sorcerers
  8 wizards
  6 cyclopes
  74 ugly things
  4 oklob plants
  An iron dragon skeleton (Depths:3)
  10 salamanders
  25 moths of wrath
  6 manticores
  2 sixfirhies (Zot:5)
  43 black mambas
  19 naga magi
  19 vault sentinels
  A black mamba (shapeshifter) (Vaults:4)
  A guardian serpent (shapeshifter) (D:15)
  A frost giant skeleton (Depths:3)
  3 human skeletons
  10 elephants
  20 guardian serpents
  2 rust devils (Depths:2)
  2 gargoyles (Volcano)
  A smoke demon (Depths:3)
  A molten gargoyle (Lair:4)
  2 octopodes (shapeshifter)
  10 centaur skeletons
  An efreet (D:15)
  3 kobold demonologists
  20 spiny frogs
  5 spectral swamp worms (Depths:3)
  47 yaktaurs
  A spriggan zombie (Depths:3)
  8 freezing wraiths
  4 jumping spiders
  A blue devil (Depths:2)
  7 fire drakes
  A shadow dragon simulacrum (Depths:3)
  17 komodo dragons
  2 two-headed ogres (shapeshifter)
  2 red devils
  A merfolk (D:10)
  9 deep elf priests
  6 giant leeches
  4 tengu conjurers
  3 polar bears
  10 trolls
  A slime creature (shapeshifter) (D:15)
  18 two-headed ogres
  55 slime creatures
  6 bog bodies
  A hornet zombie (D:15)
  6 boulder beetles
  2 vampires
  A raiju (shapeshifter) (Vaults:5)
  7 large abominations
  11 spriggans
  An air elemental (Depths:5)
  8 redbacks
  A redback (shapeshifter) (D:15)
  2 hogs
  27 deep elf magi
  3 fire elementals (D:13)
  5 wraiths
  20 deep elf fighters
  4 tarantellas
  6 water elementals
  6 shadows
  13 blink frogs
  2 trapdoor spiders (Lab)
  29 vampire mosquitoes
  11 hippogriffs
  6 hungry ghosts
  12 small abominations
  9 basilisks
  2 ynoxinuls (Depths:3)
  2 chaos spawn (Depths:4)
  64 yaks
  4 wyverns
  A basilisk (shapeshifter) (Vaults:1)
  2 hogs (shapeshifter)
  A spriggan simulacrum (Depths:4)
  A golden eye (shapeshifter) (Vaults:2)
  The ghost of Multipenetrator the Skirmisher, an average HEAK of Lugonu (D:6)
  A fire bat (shapeshifter) (Vaults:1)
  2 mottled dragons
  2 human simulacra
  12 wolves
  24 swamp worms
  9 wargs
  53 nagas
  19 porcupines
  A warg (shapeshifter) (Depths:2)
  An ogre skeleton (Vaults:1)
  19 water moccasins
  A deep troll skeleton (Vaults:3)
  2 eyes of draining (D:15)
  3 black bears
  The ghost of Gorice the Scratcher, an average FeWn (D:5)
  9 swamp drakes
  4 hell hounds (D:13)
  A spider (shapeshifter) (Depths:5)
  15 wasps
  An ice beast (D:11)
  3 phantoms
  2 necrophages
  2 human zombies
  68 orc warriors
  3 sky beasts
  10 boggarts
  37 ogres
  28 centaurs
  5 big kobolds
  4 elf zombies (Elf:1)
  A gnoll sergeant (D:9)
  21 crocodiles
  23 giant frogs
  A glowing shapeshifter simulacrum (Depths:4)
  A wyvern skeleton (D:15)
  10 killer bees
  6 scorpions
  4 electric eels
  65 orc wizards
  3 giant frog zombies
  2 quasits
  8 crimson imps
  16 iguanas
  39 orc priests
  Ijyb (D:2)
  25 jellies
  4 giant frog skeletons
  11 hounds
  25 sheep
  11 worker ants
  An elf simulacrum (Vaults:4)
  2 hound skeletons
  51 river rats
  16 adders
  15 gnolls
  2 shadow imps
  An ooze (D:3)
  An adder zombie (D:5)
  3 giant geckos
  276 orcs
  10 ball pythons
  14 bats
  3 bat skeletons
  5 bat zombies
  4 giant cockroaches
  40 goblins
  32 hobgoblins
  7 jackals
  42 kobolds
  8 quokkas
  3 giant newts
  A quokka skeleton (D:6)
  20 rats
  4 rat zombies (D:5)
  6 briar patches (Swamp:4)
  A bush (Lair:2)
  3 crawling corpses
  18 fungi
  8 plants
2918 creatures vanquished.

Vanquished Creatures (others)
  A tentacled monstrosity (Vaults:5)
  A fire giant (Depths:1)
  A draconian scorcher (Depths:5)
  2 vault guards (Vaults:5)
  A yaktaur captain (D:15)
  2 ice dragons
  An anaconda (Snake:1)
  2 hydras
  An alligator (Swamp:3)
  2 ironbrand convokers
  A harpy (Vaults:1)
  A necromancer (Depths:3)
  An ugly thing (Depths:3)
  A griffon (Vaults:3)
  A molten gargoyle (Volcano)
  A spiny frog (Lair:1)
  A komodo dragon (Lair:8)
  A deep elf priest (Vaults:5)
  A freezing wraith (Vaults:4)
  A two-headed ogre (shapeshifter) (Elf:1)
  A troll (D:12)
  A tengu simulacrum (Vaults:2)
  2 deep elf magi
  An air elemental (Depths:5)
  A yak (D:10)
  An orc warrior (Vaults:1)
  An ogre (Vaults:1)
  A centaur (Depths:1)
  A crocodile (Lair:3)
  A sheep (Lair:2)
  2 orcs (Orc:4)
  A hobgoblin (D:1)
  2 bushes (D:10)
  21 fungi
  14 plants
75 creatures vanquished.

Grand Total: 2993 creatures vanquished

Notes
Turn   | Place    | Note
--------------------------------------------------------------
     0 | D:1      | Raurakos the Hill Orc Gladiator began the quest for the Orb.
     0 | D:1      | Reached XP level 1. HP: 18/18 MP: 1/1
   329 | D:1      | Found a sparkling altar of Nemelex Xobeh.
   394 | D:1      | Reached XP level 2. HP: 25/25 MP: 2/2
   757 | D:2      | Reached skill level 5 in Axes
  1161 | D:2      | Reached XP level 3. HP: 27/30 MP: 3/3
  1290 | D:2      | Reached skill level 6 in Axes
  1324 | D:2      | Noticed Ijyb
  1331 | D:2      | Killed Ijyb
  1331 | D:2      | Reached XP level 4. HP: 35/37 MP: 4/4
  1730 | D:3      | Found a sacrificial altar of Ru.
  1735 | D:3      | Became a worshipper of Ru the Awakened
  1853 | D:3      | Reached skill level 7 in Axes
  2017 | D:3      | Reached XP level 5. HP: 39/42 MP: 5/5
  2627 | D:4      | Noticed a phantom
  2678 | D:4      | Killed a phantom
  2678 | D:4      | Reached skill level 8 in Axes
  2678 | D:4      | Reached XP level 6. HP: 39/50 MP: 6/6
  2758 | D:4      | Reached skill level 9 in Axes
  2764 | D:4      | Noticed an ogre
  2776 | D:4      | Killed an ogre
  2896 | D:4      | Reached skill level 5 in Fighting
  2896 | D:4      | Reached XP level 7. HP: 20/61 MP: 7/7
  3271 | D:4      | Noticed an ogre
  3284 | D:4      | Killed an ogre
  3627 | D:4      | Noticed a phantom
  3628 | D:4      | Found a shadowy altar of Dithmenos.
  3708 | D:4      | Killed a phantom
  4090 | D:4      | Reached XP level 8. HP: 72/74 MP: 8/8
  4332 | D:5      | Entered Level 5 of the Dungeon
  5121 | D:5      | Found an ancient bone altar of Kikubaaqudgha.
  5211 | D:5      | Noticed Gorice's ghost (average FeWn)
  5238 | D:5      | Killed Gorice's ghost
  5585 | D:5      | Reached skill level 5 in Armour
  5676 | D:6      | Found a glowing golden altar of the Shining One.
  5678 | D:6      | Found a blossoming altar of Fedhas.
  5679 | D:6      | Found a shadowy altar of Dithmenos.
  5681 | D:6      | Found an iron altar of Okawaru.
  5759 | D:6      | Reached XP level 9. HP: 79/83 MP: 9/9
  5874 | D:6      | Noticed Multipenetrator's ghost (average HEAK)
  5899 | D:6      | Killed Multipenetrator's ghost
  5942 | D:6      | Gained mutation: You cannot study or cast Earth magic. [Ru sacrifice]
  5942 | D:6      | Gained mutation: You cannot study or cast Transmutations magic. [Ru sacrifice]
  5942 | D:6      | Gained mutation: You cannot study or cast Conjurations magic. [Ru sacrifice]
  5942 | D:6      | Acquired Ru's first power
  6447 | D:6      | Found a shimmering altar of Xom.
  6669 | D:7      | Reached skill level 5 in Dodging
  7022 | D:7      | Reached skill level 10 in Axes
  7411 | D:7      | Found a staircase to the Ecumenical Temple.
  7425 | Temple   | Entered the Ecumenical Temple
  7913 | D:8      | Reached skill level 1 in Evocations
  7936 | D:8      | Found a sacrificial altar of Ru.
  8083 | D:8      | Reached skill level 11 in Axes
  8091 | D:8      | Gained mutation: You are hated by all. [Ru sacrifice]
  8091 | D:8      | Acquired Ru's second power
  8171 | D:8      | Reached skill level 12 in Axes
  8173 | D:8      | Reached XP level 10. HP: 54/91 MP: 10/10
  8386 | D:8      | Reached skill level 13 in Axes
  8750 | D:9      | Found a staircase to the Orcish Mines.
  9057 | D:9      | Got a steaming ring mail
  9080 | D:9      | Identified the cursed +0 ring mail of Limited Liability {rC+ Dex+2} (You took it off a gnoll on level 9 of the Dungeon)
  9319 | D:9      | Reached skill level 14 in Axes
  9993 | D:10     | Entered Level 10 of the Dungeon
 10095 | D:10     | Gained mutation: You cannot be stealthy. [Ru sacrifice]
 10551 | D:9      | Reached skill level 15 in Axes
 11094 | D:10     | Found a staircase to the Lair.
 11137 | D:10     | Reached XP level 11. HP: 74/97 MP: 11/11
 11142 | D:10     | Reached skill level 16 in Axes
 11677 | D:10     | Reached skill level 10 in Fighting
 12757 | D:11     | Found Gicseacs's Antique Weapon Boutique.
 12760 | D:11     | Bought a runed broad axe for 68 gold pieces
 12925 | D:11     | Found Geebahol's Distillery.
 12967 | D:11     | Found Moahehets's Antique Weapon Boutique.
 13033 | D:11     | Found a shimmering altar of Xom.
 13045 | D:11     | Gained mutation: You cannot drink potions while threatened. [Ru sacrifice]
 13045 | D:11     | Acquired Ru's third power
 13045 | D:11     | Acquired Ru's fourth power
 13370 | D:11     | Found Daha's Distillery.
 13435 | D:11     | Bought a potion of beneficial mutation for 525 gold pieces
 13435 | D:11     | Gained mutation: You evolve. [potion of beneficial mutation]
 13439 | D:11     | Noticed a hill giant
 13449 | D:11     | Killed a hill giant
 13603 | Lair:1   | Entered Level 1 of the Lair of Beasts
 13928 | Lair:1   | Reached XP level 12. HP: 94/106 MP: 12/12
 13938 | Lair:1   | Reached skill level 17 in Axes
 14508 | Lair:2   | Found a labyrinth entrance.
 14531 | Lair:2   | Found a dark tunnel.
 14546 | Volcano  | Entered a volcano
 14662 | Volcano  | Reached skill level 18 in Axes
 14749 | Lab      | Entered a labyrinth
 14790 | Lab      | Got an iridescent rapier
 14898 | Lab      | Gained mutation: You can spit weak poison. [evolution]
 15908 | Lab      | Noticed a minotaur
 15919 | Lab      | Killed a minotaur
 15945 | Lab      | Identified a -2 rod of the swarm (9/9) (You found it in a labyrinth)
 16265 | Lair:2   | Identified the +3 rapier of the Tundras {pierce, +Rage rN+ Str+3} (You found it in a labyrinth)
 16951 | Lair:3   | Got a bloodstained mace
 17478 | Lair:3   | Reached XP level 13. HP: 122/122 MP: 13/13
 18113 | Lair:4   | Learned a level 2 spell: Blink
 18116 | Lair:4   | Learned a level 2 spell: Repel Missiles
 18258 | Lair:4   | Found a staircase to the Swamp.
 18350 | Lair:4   | Reached skill level 15 in Fighting
 18505 | Lair:4   | Identified a +8 rod of destruction (13/13) (You took it off a minotaur in a labyrinth)
 19168 | Lair:5   | Reached skill level 5 in Evocations
 20282 | Lair:6   | Found a viscous altar of Jiyva.
 20282 | Lair:6   | Found a staircase to the Slime Pits.
 20593 | Lair:6   | Found a staircase to the Snake Pit.
 20849 | Lair:7   | Noticed Kirke
 20879 | Lair:6   | Reached skill level 10 in Armour
 20946 | Lair:7   | Reached skill level 1 in Translocations
 21079 | Lair:7   | Reached XP level 14. HP: 124/135 MP: 17/17
 21332 | Lair:7   | Gained mutation: Your system is resistant to poisons. [evolution]
 21332 | Lair:7   | Lost mutation: You evolve. [end of evolution]
 22036 | Lair:8   | Entered Level 8 of the Lair of Beasts
 22580 | Lair:8   | Reached skill level 10 in Dodging
 23098 | Lair:8   | Got a bound ivory ring
 23100 | Lair:8   | Identified the ring "Nyiwk" {Fire rElec Stlth+} (You found it on level 8 of the Lair of Beasts)
 23943 | Orc:1    | Entered Level 1 of the Orcish Mines
 24135 | Orc:2    | Noticed Fannar
 24141 | Orc:2    | Noticed Erolcha
 24161 | Orc:1    | Killed Fannar
 24161 | Orc:1    | Reached XP level 15. HP: 110/144 MP: 18/18
 24269 | Orc:2    | Killed Erolcha
 24336 | Orc:2    | Found a flagged portal.
 24338 | Orc:2    | Reached skill level 19 in Axes
 24357 | Bailey   | Entered a bailey
 24437 | Bailey   | Gained mutation: Your magical capacity is low (-10% MP). [Ru sacrifice]
 24493 | Bailey   | Reached skill level 20 in Axes
 24493 | Bailey   | Reached XP level 16. HP: 138/151 MP: 17/17
 24660 | Bailey   | Gained mutation: You have large cloven feet. [potion of beneficial mutation]
 24671 | Bailey   | Lost mutation: You can spit weak poison. [potion of beneficial mutation]
 24745 | Orc:2    | Found a roughly hewn altar of Beogh.
 25885 | Orc:4    | Entered Level 4 of the Orcish Mines
 26137 | Orc:3    | Noticed Rupert
 26146 | Orc:3    | Killed Rupert
 26259 | Orc:3    | Noticed Nergalle
 26270 | Orc:3    | Killed Nergalle
 26303 | Orc:3    | Found a roughly hewn altar of Beogh.
 26402 | Orc:3    | Found a roughly hewn altar of Beogh.
 26403 | Orc:3    | Reached skill level 21 in Axes
 26529 | Orc:4    | Found a roughly hewn altar of Beogh.
 26546 | Orc:4    | Found a staircase to the Elven Halls.
 27724 | Orc:4    | Noticed Saint Roka
 27746 | Orc:4    | Killed Saint Roka
 27746 | Orc:4    | Reached skill level 22 in Axes
 28137 | Orc:4    | Noticed Maud
 28137 | Orc:4    | Found Gacseat's Antique Armour Shop.
 28140 | Orc:4    | Found Qysty Mom's Antique Weapon Boutique.
 28146 | Orc:4    | Killed Maud
 28151 | Orc:4    | Found Lexafe's General Store.
 28151 | Orc:4    | Found Otepeoph's Jewellery Shop.
 28185 | Orc:4    | Bought the ring "Hitik" {Dex+4 Slay+3} for 906 gold pieces
 28185 | Orc:4    | Bought the ring of Vehumet's Esteem {Wiz Str+3 Dex+4} for 775 gold pieces
 28874 | D:12     | Identified 2 scrolls of acquirement
 29084 | D:12     | Got an encrusted shield
 29090 | D:12     | Identified the +1 shield of Qenuas {rElec rCorr Str-3 Dex+6} (You acquired it on level 12 of the Dungeon)
 29354 | D:13     | Noticed Azrael
 29369 | D:13     | Killed Azrael
 29412 | D:13     | Reached skill level 23 in Axes
 29424 | D:13     | Got a sparkling bone ring
 29427 | D:13     | Identified the ring of Tafuabo {rF+ MR- Str+6 Dex+2} (You found it on level 13 of the Dungeon)
 29865 | D:14     | Reached XP level 17. HP: 156/158 MP: 18/18
 30223 | D:14     | Noticed Roxanne
 30409 | D:14     | Found a gate to the Vaults.
 30486 | D:15     | Entered Level 15 of the Dungeon
 30643 | D:15     | Reached skill level 24 in Axes
 30657 | D:15     | Found a shimmering altar of Xom.
 30678 | D:15     | Found a glowing golden altar of the Shining One.
 30679 | D:15     | Found a basalt altar of Yredelemnul.
 30949 | D:15     | Found a staircase to the Depths.
 31425 | D:15     | Noticed Snorg
 31435 | D:15     | Killed Snorg
 31452 | D:15     | Reached skill level 25 in Axes
 31906 | D:15     | Got an iridescent battleaxe
 31907 | D:15     | Identified the +9 battleaxe "Ynaf" {elec, MR++ MP+9} (You found it on level 15 of the Dungeon)
 32366 | Snake:1  | Entered Level 1 of the Snake Pit
 32447 | Snake:1  | Reached skill level 26 in Axes
 33009 | Snake:1  | Reached XP level 18. HP: 153/166 MP: 11/19
 33433 | Snake:1  | Reached skill level 5 in Translocations
 34019 | Snake:2  | Gained mutation: You are weak. (Str -2) [Ru sacrifice]
 34019 | Snake:2  | Acquired Ru's fifth power
 35724 | Snake:3  | Found Siulez's Magic Scroll Emporium.
 35732 | Snake:3  | Bought a scroll of blinking for 142 gold pieces
 35860 | Snake:4  | Entered Level 4 of the Snake Pit
 36829 | Snake:4  | Reached XP level 19. HP: 121/172 MP: 20/20
 37185 | Snake:4  | Reached skill level 1 in Charms
 37598 | Snake:4  | Reached skill level 5 in Charms
 37711 | Snake:4  | Got a serpentine rune of Zot
 38329 | Swamp:1  | Entered Level 1 of the Swamp
 38692 | Swamp:1  | Noticed Josephine
 38704 | Swamp:1  | Killed Josephine
 38994 | Swamp:2  | Noticed Jorgrun
 39008 | Swamp:2  | Killed Jorgrun
 40079 | Swamp:3  | Reached skill level 10 in Charms
 40215 | Swamp:3  | Reached skill level 1 in Air Magic
 40673 | Swamp:4  | Entered Level 4 of the Swamp
 40797 | Swamp:4  | Reached XP level 20. HP: 168/180 MP: 21/21
 41015 | Swamp:4  | Got a decaying rune of Zot
 41037 | Swamp:4  | Reached skill level 5 in Air Magic
 41766 | Lair:1   | Learned a level 1 spell: Apportation
 41810 | D:11     | Noticed a seven-headed hydra
 41815 | D:11     | Killed a three-headed hydra
 41902 | Vaults:1 | Entered Level 1 of the Vaults
 42352 | Vaults:1 | Gained mutation: You have somewhat slow reflexes. (-3 EV) [Ru sacrifice]
 43303 | Vaults:2 | Reached XP level 21. HP: 147/200 MP: 22/22
 43350 | Vaults:2 | Gained mutation: You occasionally shout uncontrollably at your foes. [Ru sacrifice]
 44408 | Vaults:2 | Noticed Aizul
 44422 | Vaults:2 | Killed Aizul
 44422 | Vaults:2 | Reached skill level 10 in Evocations
 45162 | Vaults:3 | Found a staircase to the Crypt.
 45162 | Vaults:3 | Found an ancient bone altar of Kikubaaqudgha.
 45163 | Vaults:3 | Found a basalt altar of Yredelemnul.
 45528 | Vaults:3 | Reached XP level 22. HP: 145/209 MP: 26/26
 45535 | Vaults:3 | Reached skill level 15 in Armour
 46578 | Vaults:4 | Found Petropu's Gadget Shop.
 47243 | Vaults:4 | Got an ancient chain mail
 47244 | Vaults:4 | Identified the +4 chain mail "Jetsaleb" {-Tele rElec Dex+2} (You found it on level 4 of the Vaults)
 47679 | Depths:1 | Entered Level 1 of the Depths
 48190 | Depths:1 | Found a gateway to Hell.
 48230 | Depths:1 | Found Roxiq's Blood Bar.
 48820 | Depths:1 | Got an ichor-stained leather armour
 48831 | Depths:1 | Identified the cursed +0 leather armour of Dotury {rF+ rC+} (You found it on level 1 of the Depths)
 49566 | Depths:2 | Reached skill level 15 in Dodging
 49775 | Depths:2 | Found a one-way gate leading to the halls of Pandemonium.
 49867 | Depths:2 | Reached XP level 23. HP: 187/215 MP: 27/27
 50195 | Depths:2 | Found a corrupted altar of Lugonu.
 50212 | Depths:2 | Found a one-way gate to the infinite horrors of the Abyss.
 52156 | Depths:3 | Found a radiant altar of Vehumet.
 52168 | Depths:3 | Noticed the Enchantress
 52216 | Depths:3 | Killed the Enchantress
 52218 | Depths:3 | Got a faerie dragon armour
 52219 | Depths:3 | Identified the +5 faerie dragon armour {Dex+6} (You took it off the Enchantress on level 3 of the Depths)
 52230 | Depths:3 | Identified Erastili's Compendium of Flamy Confrontation
 52728 | Depths:4 | Found a gateway to a ziggurat.
 53382 | Depths:4 | Found a roughly hewn altar of Beogh.
 53411 | Depths:4 | Reached XP level 24. HP: 190/224 MP: 27/27
 53770 | Depths:5 | Entered Level 5 of the Depths
 54105 | Depths:5 | Noticed Sojobo
 54767 | Depths:5 | Killed Sojobo
 54952 | Depths:5 | Got a bloodstained chain mail
 54953 | Depths:5 | Identified the +1 chain mail of Weirdness {MP+9 Int+4} (You found it on level 5 of the Depths)
 55282 | Depths:5 | Found a gate to the Realm of Zot.
 55372 | Depths:4 | Reached skill level 1 in Spellcasting
 55781 | Elf:1    | Entered Level 1 of the Elven Halls
 55844 | Elf:1    | Identified the Collected Works on Evil
 56811 | Elf:2    | Reached skill level 5 in Spellcasting
 56936 | Elf:2    | Found a runed gate.
 56943 | Elf:2    | Found a runed gate.
 56943 | Elf:2    | Found a runed gate.
 56977 | Elf:2    | Found Fezoprai's Book Shop.
 57268 | Elf:3    | Entered Level 3 of the Elven Halls
 57285 | Elf:3    | Found Kyitixu's Jewellery Boutique.
 57325 | Elf:3    | Found a portal to a secret trove of treasure.
 57380 | Elf:3    | Found Ycsiehos's Food Boutique.
 57392 | Elf:3    | Found Matsysm's Food Shop.
 57437 | Elf:3    | Found Ackeyg's Food Shoppe.
 57791 | Elf:3    | Reached XP level 25. HP: 188/233 MP: 27/27
 58099 | Elf:3    | Found Lufudey's Antique Weapon Emporium.
 58260 | Elf:3    | Got an ancient marble ring
 58261 | Elf:3    | Identified the ring "Gienwoat" {+/*Tele rElec rN+} (You took it off a deep elf blademaster on level 3 of the Elven Halls)
 58263 | Elf:3    | Got a warped chain mail
 58264 | Elf:3    | Identified the +7 chain mail "Kigonemu" {rPois rC+ Stlth-} (You took it off a deep elf blademaster on level 3 of the Elven Halls)
 58276 | Elf:3    | Upgraded the game from 0.17-a0-1545-gc1bb672 to 0.17-a0-1554-g3b847ca
 58347 | Elf:3    | Gained mutation: You have a pair of small horns on your head. [potion of beneficial mutation]
 58440 | Elf:3    | Identified the Almanac of Transmigration
 58443 | Elf:3    | Got a shimmering helmet
 58444 | Elf:3    | Identified the +1 helmet of the Little Devil {-Cast *Confuse rN++ Str+3} (You found it on level 3 of the Elven Halls)
 59323 | Vaults:5 | Entered Level 5 of the Vaults
 60276 | Vaults:5 | Reached XP level 26. HP: 183/254 MP: 27/27
 60663 | Vaults:5 | Got a steaming lapis lazuli ring
 60974 | Vaults:5 | Got a faintly glowing ivory ring
 60977 | Vaults:5 | Identified the ring "Ufurigg" {+Fly rC+ Int+3 SInv} (You took it off a deep elf conjurer on level 5 of the Vaults)
 60995 | Vaults:5 | Identified the ring "Mukoodis" {rF- rC+ MR++ SInv Stlth+} (You took it off a deep elf sorcerer on level 5 of the Vaults)
 61082 | Vaults:5 | Learned a level 3 spell: Regeneration
 61306 | Vaults:5 | Got a transparent ring mail
 61317 | Vaults:5 | Identified the +3 ring mail "Kefesch" {*Confuse rPois Regen+ rCorr} (You found it on level 5 of the Vaults)
 61536 | Vaults:5 | Identified the Catalogue of Conjuration and the Arsonist
 61541 | Vaults:5 | Got a silver rune of Zot
 61562 | Vaults:5 | Got a bloodstained plate armour
 61568 | Vaults:5 | Identified the +9 plate armour of the Blacksmith {rElec rC- Regen+} (You found it on level 5 of the Vaults)
 62307 | Zot:1    | Entered Level 1 of the Realm of Zot
 62454 | Zot:1    | Reached skill level 1 in Necromancy
 62860 | Zot:1    | Reached skill level 5 in Necromancy
 63257 | Zot:2    | Reached skill level 10 in Spellcasting
 64240 | Zot:2    | Reached XP level 27. HP: 236/268 MP: 34/34
 64621 | Zot:3    | Noticed an orb of fire
 64621 | Zot:3    | Gained mutation: Armour fits poorly on your strangely shaped body. [an orb of fire]
 64632 | Zot:3    | Gained mutation: You are partially covered in yellow scales (AC +2). [an orb of fire]
 64637 | Zot:3    | Killed an orb of fire
 64873 | Zot:3    | Reached skill level 10 in Necromancy
 65854 | Zot:5    | Entered Level 5 of the Realm of Zot
 65854 | Zot:5    | Noticed an orb of fire
 65858 | Zot:5    | Gained mutation: You tend to lose your temper in combat. [an orb of fire]
 65865 | Zot:5    | Gained mutation: Your magical capacity is very low (-20% MP). [an orb of fire]
 65871 | Zot:5    | Killed an orb of fire
 66494 | Zot:5    | Lost mutation: You tend to lose your temper in combat. [potion of cure mutation]
 66494 | Zot:5    | Lost mutation: Your magical capacity is very low (-20% MP). [potion of cure mutation]
 66494 | Zot:5    | Lost mutation: You have large cloven feet. [potion of cure mutation]
 66494 | Zot:5    | Lost mutation: You have a pair of small horns on your head. [potion of cure mutation]
 66731 | Zot:5    | Noticed an ancient lich
 66739 | Zot:5    | Killed an ancient lich
 66755 | Zot:5    | Noticed an orb of fire
 66777 | Zot:5    | Gained mutation: You are clumsy. (Dex -2) [an orb of fire]
 66800 | Zot:5    | Killed an orb of fire
 66801 | Zot:5    | Noticed an orb of fire
 66844 | Zot:5    | Killed an orb of fire
 67163 | Zot:5    | Reached skill level 15 in Spellcasting
 67503 | Zot:5    | Noticed an orb of fire
 67528 | Zot:5    | Gained mutation: Scrolls take you a little longer to read. [an orb of fire]
 67534 | Zot:5    | Killed an orb of fire
 67681 | Zot:5    | Lost mutation: Armour fits poorly on your strangely shaped body. [potion of cure mutation]
 67681 | Zot:5    | Lost mutation: Scrolls take you a little longer to read. [potion of cure mutation]
 67681 | Zot:5    | Lost mutation: You are clumsy. (Dex -2) [potion of cure mutation]
 67681 | Zot:5    | Lost mutation: Your system is resistant to poisons. [potion of cure mutation]
 67685 | Zot:5    | Got the Orb of Zot
 67721 | Zot:5    | Noticed Xahalaj the pandemonium lord
 67757 | Zot:5    | Noticed Kuock the pandemonium lord
 67783 | Zot:5    | HP: 10/269 [Orb Guardian (19)]
 67784 | Zot:5    | HP: 4/269 [Orb Guardian (28)]
 67889 | Zot:5    | Slain by an Orb Guardian

Vault maps used:
D:1:      dpeg_arrival_tiny_i, nemelex_altar_shiori
D:2:      first_bread, kennysheep_generic_room_12, uniq_iyjb
D:3:      lemuel_doored_altar
D:4:      kennysheep_big_flooded_room, kennysheep_diamond,
          minmay_tree_intersection
D:5:      lemuel_zombie_altar_kikubaaqudgha, minmay_misc_feat_pillars
D:6:      lemuel_round_altar, grunt_temple_overflow_open, portal_sewer_entry_e
D:7:      minmay_temple_entry_junction2
D:8:      nicolae_ru_great_annihilating_truth
D:9:      orc_0_dummy
D:10:     minmay_lair_entry_grove, hangedman_fish_farm, evilmike_surprise_oklob
D:11:     basic_altar, serial_shops, shop, nicolae_shop_statue_plus,
          kennysheep_mini, shop, bh_walls_and_bars
D:12:     uniq_snorg
D:13:     uniq_azrael
D:14:     david_vaults_1, uniq_roxanne
D:15:     hangedman_slaughterboxes
Temple:   circular_temple_12
Lair:1:   beast_lair_carwin_6
Lair:2:   dpeg_oklob_gauntlet, nicolae_volcano_entry_two_sided,
          lab_entry_generic, grunt_forest_stairs_clearing
Lair:3:   serial_bayou_crossing
Lair:4:   minmay_swamp_entry_worms, minivault_11, minivault_26,
          beast_lair_carwin_8
Lair:6:   minmay_snake_entry_guardpost_large, slime_altar_1,
          infiniplex_staircase_pool_2
Lair:7:   wad_woods_02, lemuel_fruit_fields, infiniplex_staircase_pool,
          uniq_kirke
Lair:8:   evilmike_catoblepas_cave, minmay_lair_oklob_bushes
Swamp:1:  serial_swamp_ruin, evilmike_swamp_ruin_house_5,
          evilmike_swamp_ruin_house_2, uniq_josephine
Swamp:2:  evilmike_swamp_ruin_house_3, swamp_pool2, nicolae_swamp_fairy_circle,
          nicolae_swamp_snake_nest, uniq_jorgrun
Swamp:3:  evilmike_swamp_ruin_rubble_1
Swamp:4:  swamp_alternative, swamp_pool2
Snake:2:  lemuel_fruit_tree
Snake:3:  serial_shops, nicolae_shop_trees
Snake:4:  grunt_snake_rune_serpentine_throne, st_stairs_4
Orc:2:    enter_bailey_2, basic_altar, guppyfry_library_mini, uniq_erolcha,
          uniq_fannar
Orc:3:    nicolae_orc_accident_2, basic_altar, nicolae_orc_pool_cavern,
          uniq_nergalle, uniq_rupert
Orc:4:    st_orc_congregation, special_room, basic_altar,
          statue_in_the_mist_lemuel, uniq_maud, uniq_saint_roka
Elf:1:    minmay_elf_necromancy
Elf:2:    serial_shops, shop, serial_sigils_hangedman_clutch,
          nicolae_elf_big_sculpture_3, grunt_ministairs_8
Elf:3:    grunt_elf_hall_branching, nicolae_trove_entry_free_sample,
          serial_shops, shop, nicolae_shop_statue_plus, shop, shop, shop,
          grunt_ministairs_8
Vaults:1: grunt_vaults_funnel, ontoclasm_vaults_ring_square,
          hangedman_vaults_slice, nicolae_vaults_little_squares_2,
          hangedman_vaults_pinch, hangedman_vaults_river_flow,
          ontoclasm_vaults_ring_small, v_rooms_1, v_misc_4,
          ontoclasm_vaults_shout, vaults_dpeg_cross,
          nicolae_vaults_little_squares_3
Vaults:2: vaults_room_pools, v_misc_5, grunt_vaults_twisty, vaults_room_hallway,
          v_misc_9, vaults_standard_mumra_x, ontoclasm_vaults_twist,
          serial_ice_h, nicolae_vaults_border_crossing, uniq_aizul
Vaults:3: nicolae_vaults_mini_display_case, nicolae_vaults_meeting, v_misc_19,
          dpeg_vaults_monster_box, ontoclasm_vaults_bender, vaults_room_boxed,
          v_misc_15, nicolae_vaults_alarming, v_misc_27,
          nicolae_vaults_twisting_passages, minmay_crypt_entry_necro_gods,
          grunt_vaults_diagonal
Vaults:4: v_misc_31, ontoclasm_vaults_idyll, vaults_standard_mumra_lines,
          nicolae_vaults_ring_of_whatevers, v_misc_16, serial_shops, shop
Vaults:5: serial_shops
Depths:1: hell_entry, st_stairs_5, minmay_misc_feat_roman, roderic_lattice_a,
          guppyfry_shop_blood, serial_bayou_shore_a
Depths:2: due_chaos_kobolds, rand_demon_pan_entry_8, hell_entry,
          hangedman_abyss_or_decor_stagger, grunt_decor_mini_mirrors,
          minmay_fountain_box
Depths:3: grunt_forest_end_shrine, minmay_misc_feat_encased,
          pf_hell_entry_tar_river, rand_demon_pan_entry_4
Depths:4: orc_temple, enter_ziggurat_e, minmay_misc_feat_more_columns,
          hell_entry, minmay_room_of_horrors, kennysheep_generic_room_4
Depths:5: grunt_zot_entry_gee_three, hell_entry, nrook_mini_backslash,
          uniq_sojobo
Zot:2:    lemuel_acid_trip, st_stairs_1
Zot:5:    st_stairs_5
Lab:      labyrinth_mini_lab, nicolae_lab_checkerboard,
          labyrinth_skeletal_remains, nicolae_lab_plus
Bailey:   bailey_axe_minmay_hex_keep, bailey
Volcano:  volcano_overflow

Action                   |  1- 3 |  4- 6 |  7- 9 | 10-12 | 13-15 | 16-18 | 19-21 | 22-24 | 25-27 || total
-------------------------+-------+-------+-------+-------+-------+-------+-------+-------+-------++-------
Melee: War axe           |    61 |   126 |   478 |   560 |       |       |       |       |       ||  1225
       Broad axe         |       |       |       |   307 |   767 |   572 |       |       |       ||  1646
       Executioner's axe |       |       |       |       |       |   728 |  1171 |   554 |    13 ||  2466
       Battleaxe         |       |       |       |       |       |       |    87 |  1175 |  1448 ||  2710
 Fire: Blowgun           |       |     8 |    75 |    59 |       |       |       |       |       ||   142
Throw: Stone             |     2 |     6 |     8 |     1 |       |       |       |       |       ||    17
       Throwing net      |     1 |       |       |     1 |       |       |       |       |       ||     2
       Javelin           |       |       |       |       |       |     1 |       |       |       ||     1
 Cast: Repel Missiles    |       |       |       |       |       |       |     5 |    24 |    15 ||    44
       Blink             |       |       |       |       |       |       |     7 |    23 |    23 ||    53
       Apportation       |       |       |       |       |       |       |       |     1 |       ||     1
       Regeneration      |       |       |       |       |       |       |       |       |    65 ||    65
Invok: Reject Sacrifices |       |       |     1 |     1 |       |     3 |     1 |       |       ||     6
       Sacrifice Love    |       |       |     1 |       |       |       |       |       |       ||     1
       Sacrifice Arcana  |       |       |     1 |       |       |       |       |       |       ||     1
       Sacrifice Stealth |       |       |       |     1 |       |       |       |       |       ||     1
       Sacrifice Drink   |       |       |       |     1 |       |       |       |       |       ||     1
       Draw Out Power    |       |       |       |       |     2 |     1 |       |       |     1 ||     4
       Sacrifice Essence |       |       |       |       |     1 |       |       |       |       ||     1
       Sacrifice Purity  |       |       |       |       |       |     1 |     1 |       |       ||     2
       Power Leap        |       |       |       |       |       |       |     1 |       |       ||     1
       Sacrifice Health  |       |       |       |       |       |       |     1 |       |       ||     1
       Apocalypse        |       |       |       |       |       |       |     1 |       |     5 ||     6
 Abil: Spit Poison       |       |       |       |     7 |     7 |       |       |       |       ||    14
       Evoke Flight      |       |       |       |     3 |     1 |       |       |       |       ||     4
Evoke: Rod               |       |       |       |       |     3 |     6 |     3 |     6 |       ||    18
       Wand              |       |       |       |       |       |       |       |       |     1 ||     1
  Use: Scroll            |     3 |     1 |    11 |    11 |     9 |    20 |     1 |     7 |    20 ||    83
       Potion            |       |       |       |     2 |     1 |     2 |       |     1 |     5 ||    11
 Stab: Paralysed         |       |       |     1 |       |       |     6 |     7 |     7 |    15 ||    36
       Invisible         |       |       |       |    10 |     6 |    25 |    23 |    28 |    20 ||   112
       Distracted        |       |       |       |     5 |     2 |     8 |     5 |     6 |     7 ||    33
  Eat: Chunk             |     1 |     5 |    18 |    21 |    24 |    38 |    33 |   176 |    70 ||   386
       Bread ration      |       |       |       |     1 |       |       |       |       |       ||     1
       Meat ration       |       |       |       |     1 |       |     2 |     2 |       |     2 ||     7
       Beef jerky        |       |       |       |     1 |       |       |       |       |     2 ||     3
       Fruit             |       |       |       |       |       |     1 |       |       |       ||     1
       Pizza             |       |       |       |       |       |       |       |       |     2 ||     2
